Map: Crête de Lerilak

Players

Heaton

  • Race: Terran Terran
  • League: Silver
  • Spawn Location: 11:00

zidar - Winner!

  • Race: Zerg Zerg
  • League: Silver
  • Spawn Location: 1:00

VOD

Have the link to the VOD?

Description

Time

  • Played on: Jan. 17, 2016, 9:04 a.m.
  • Length: 5:17
Show
View Real Time Build Order
Export as new Build Order

Heaton Terran 

Build Orders:  

Get SALT Encoding   

  12  0:02  SCV  
  13  0:14  SCV  
  14  0:21  Supply Depot  
  14  0:26  SCV  
  15  0:38  Refinery  
  15  0:43  SCV  
  15  0:47  Barracks  
  16  0:55  SCV  
  17  1:07  SCV  
  18  1:14  Barracks  
  18  1:36  Supply Depot  
  18  1:37  Barracks Reactor  
  18  1:40  Barracks Tech Lab  
  18  1:54  Barracks  
  18  2:03  Marine, Barracks  
  18  2:04  Barracks  
  19  2:14  Marine  
  20  2:19  Combat Shield  
  20  2:21  Marine  
  21  2:31  Orbital Command  
  21  2:38  Marine  
  21  2:39  Marine  
  23  2:50  Marine x2  
  23  2:51  Marine  
  26  2:58  Supply Depot  
  26  3:08  Marine x3  
  26  3:10  Marine x2  
  31  3:26  Marine x3  
  34  3:28  Marine x2  
  36  3:36  Supply Depot  
  36  3:44  Marine x2  
  38  3:52  Marine  
  39  3:58  Marine x2  
  39  4:00  Supply Depot  
  39  4:01  Marine x2  
  43  4:10  Marine  
  43  4:16  Marine x2  
  46  4:23  Supply Depot  
  44  4:29  Marine x3  
  46  4:33  Marine x2  
  48  4:47  Marine x3  
  48  4:51  Marine x2  
Show
View Real Time Build Order
Export as new Build Order

zidar Zerg - Winner!

Build Orders: Hatch First 

Get SALT Encoding   

  12  0:02  Drone  
  13  0:12  Overlord  
  13  0:17  Drone  
  14  0:30  Drone x2  
  14  0:35  Drone  
  17  0:57  Drone  
  17  0:58  Hatchery  
  17  1:13  Spawning Pool  
  17  1:17  Drone  
  17  1:21  Extractor  
  17  1:22  Drone  
  18  1:25  Drone  
  18  1:33  Overlord  
  18  1:42  Drone  
  19  1:50  Drone  
  20  2:06  Queen  
  22  2:10  Queen  
  24  2:22  Zergling x6  
  27  2:31  Zergling x4  
  27  2:33  Overlord  
  29  2:45  Spine Crawler  
  28  2:51  Metabolic Boost  
  28  2:58  Zergling x6  
  30  2:59  Zergling x2  
  32  3:16  Roach Warren  
  31  3:34  Zergling x6  
  31  3:35  Zergling x4  
  31  3:37  Overlord  
  35  4:00  Zergling x14  
  29  4:31  Zergling x2  
  29  4:32  Zergling x18  
  39  4:39  Drone x2  
Tags
 
Add a new tag
Caveats
  • Supply blocks, unpowered buildings, or Contaminate may cause inaccurate times.
  • Supply counts are checked every 10 seconds.